 Dungeon Crawl Stone Soup version 0.18.1-5-g4a78601 (webtiles) character file.

6462 Gargoyl the Protected (level 10, -17/81 HPs)
             Began as a Demonspawn Abyssal Knight on May 13, 2016.
             Was a High Priest of Lugonu.
             Demolished by an orc knight
             ... wielding a +0 war axe of electrocution
              (20 damage)
             ... on level 1 of the Orcish Mines.
             The game lasted 00:18:49 (7400 turns).

Gargoyl the Protected (Demonspawn Abyssal Knight)   Turns: 7400, Time: 00:18:50

Health: -17/81     AC: 36    Str: 14 (16) XL:     10   Next: 68%
Magic:  12/12      EV:  5    Int: 10 (13) God:    Lugonu [*****.]
Gold:   675        SH:  0    Dex:  8 (11) Spells: 0 memorised, 9 levels left

rFire  + . .     SeeInvis +     r - +1 battleaxe (chop)
rCold  . . .     Gourm    .     f - +5 plate armour {rF+}
rNeg   . . .     Faith    .     (shield currently unavailable)
rPois  +         Spirit   .     A - +0 helmet
rElec  .         Dismiss  .     q - +2 cloak
rCorr  .         Reflect  .     z - +0 pair of gloves
SustAt .         Harm     .     j - +2 pair of boots
MR     .....                    (no amulet)
Stlth  ..........               s - ring of poison resistance
                                C - ring of see invisible

@: very slightly contaminated, hasted, very quick, not resistant to hostile
enchantments, extremely unstealthy
A: hooves 1, rough black scales 2, powered by death 2, rot immunity
a: Depart the Abyss, Bend Space, Banish, Corrupt, Enter the Abyss, Renounce
Religion


You were on level 1 of the Orcish Mines.
You worshipped Lugonu.
Lugonu was extremely pleased with you.
You were not hungry.

You visited 2 branches of the dungeon, and saw 10 of its levels.
You visited the Abyss 1 time.

You collected 675 gold pieces.

Inventory:

Hand Weapons
 r - a +1 battleaxe of chopping (weapon)
 t - a +0 flail
Missiles
 b - 2 steel tomahawks (quivered)
 E - 21 tomahawks
Armour
 f - a +5 plate armour of fire resistance (worn)
 j - a +2 pair of boots (worn)
 q - a +2 cloak (worn)
 y - a +0 plate armour of cold resistance
 z - a +0 pair of gloves (worn)
 A - a +0 helmet (worn)
Jewellery
 i - an uncursed ring of resist corrosion
 s - a ring of poison resistance (right hand)
 u - an uncursed ring of protection from cold
 v - an uncursed ring of flight
 C - a ring of see invisible (left hand)
Wands
 e - a wand of confusion (10/48)
 w - a wand of acid (2/15)
 D - a wand of acid (6/15)
 G - a wand of polymorph (12/24)
 L - a wand of confusion (20/48)
Scrolls
 h - 3 scrolls of teleportation
 x - 2 scrolls of amnesia
 F - 4 scrolls of identify
 J - 3 scrolls of remove curse
Potions
 a - a potion of invisibility {unknown}
 g - 2 potions of resistance {unknown}
 k - 3 potions of haste
 l - a potion of ambrosia {unknown}
 m - 2 potions of degeneration
 n - 3 potions of agility
 o - 3 potions of curing
 p - a potion of lignification {unknown}
 B - 2 potions of brilliance {unknown}
 I - 2 potions of flight {unknown}
Books
 N - a book of Changes

   Spells                             Type                      Level
   a - Beastly Appendage              Transmutation                1
   b - Sticks to Snakes               Transmutation                2
   c - Spider Form                    Transmutation/Poison         3
   d - Ice Form                       Ice/Transmutation            4
   e - Blade Hands                    Transmutation                5
Comestibles
 c - 5 bread rations
 d - 3 meat rations
 H - 2 beef jerkies
 K - 7 slices of pizza


   Skills:
 + Level 8.3 Fighting
 + Level 8.2 Axes
 * Level 10.2 Armour
 + Level 2.5 Dodging
 + Level 3.5 Invocations


You had 9 spell levels left.
You didn't know any spells.

Dungeon Overview and Level Annotations

Branches:
Dungeon (9/15)             Temple (0/1) D:4             Orc (1/2) D:9
   Lair: D:8-11

Altars:
Ashenzari
Fedhas
Gozag
Makhleb
Nemelex Xobeh
Pakellas
Sif Muna
Trog
Vehumet
Xom
Yredelemnul
The Shining One

Shops:
D:8 =


Innate Abilities, Weirdness & Mutations

You have large cloven feet.
You are mostly covered in rough black scales (AC +7, Dex -2).
You regenerate health from kills.
You are immune to rotting.


Message History

The orc knight is lightly wounded.
The orc warrior hits you with a dire flail.
The orc knight hits you with a war axe of electrocution!
The orc warrior hits you with a dire flail!
Unknown command.
Drink which item? (? for menu, Esc to quit)
You feel yourself speed up.
The orc knight hits you with a war axe of electrocution.
* * * LOW HITPOINT WARNING * * *
You are electrocuted!
* * * LOW HITPOINT WARNING * * *
You are very lightly contaminated with residual magic.
Drink which item? (? for menu, Esc to quit)
It was a potion of degeneration.
There was something very wrong with that liquid.
You feel weakened.
You feel dopey.
You feel clumsy. The orc warrior barely misses you.
The orc knight hits you but does no damage.
You are electrocuted!
You die...

#...## ##.####.
#...####..##..# ##
###$...##........
##.##.##....#........ #
#....................
... #.#...........#.##.#
....##..)(.....#.##.####
......#))......###....#.
#...oo@......#..##....#
##.#o#o...............#
.. ##................ #.
................# #.
o................. #.
....#.............. .
....>........))[..
...........).<..
.......)....


You could see an orc knight, an orc warrior, an orc priest and an orc.

Vanquished Creatures
  Sigmund (D:6)
  A human (D:9)
  11 yaks (D:9)
  A hippogriff (D:9)
  A warg (Orc:1)
  2 sky beasts
  5 orc warriors
  A black bear (D:6)
  A wasp (D:8)
  3 phantoms
  6 ogres
  3 centaurs
  2 giant frogs (D:6)
  A wyvern skeleton (D:7)
  3 scorpions
  7 killer bees
  4 wights (D:6)
  4 howler monkeys (D:9)
  2 crimson imps
  2 giant frog zombies
  A jelly (D:5)
  3 orc priests
  A hound (D:9)
  10 orc wizards
  A centaur skeleton (D:9)
  2 gnoll shamans
  3 iron imps (D:5)
  2 iguanas
  7 worker ants
  4 sheep (D:9)
  A hound skeleton (D:7)
  17 gnolls
  A howler monkey skeleton (D:9)
  3 adders
  A shadow imp (D:7)
  An ooze (D:7)
  4 worms
  A dart slug (D:3)
  5 giant geckos
  45 orcs
  5 bats
  3 giant cockroaches
  2 gnoll zombies (D:4)
  5 hobgoblins
  10 jackals
  8 kobolds
  8 quokkas
  2 ball pythons
  A giant gecko skeleton (D:6)
  A giant gecko zombie (D:9)
  6 giant newts
  7 goblins
  A jackal skeleton (D:4)
  A quokka skeleton (D:4)
  5 rats
239 creatures vanquished.

Vanquished Creatures (others)
  2 hungry ghosts
  A lightning spire (D:2)
  A bush (D:2)
4 creatures vanquished.

Grand Total: 243 creatures vanquished

Notes
Turn   | Place    | Note
--------------------------------------------------------------
     0 | Abyss:1  | Gargoyl the Demonspawn Abyssal Knight began the quest for the Orb.
     0 | Abyss:1  | Reached XP level 1. HP: 18/18 MP: 2/2
   123 | Abyss:2  | Noticed a starcursed mass
   123 | D:1      | Escaped the Abyss
   231 | D:1      | Reached skill level 2 in Armour
   371 | D:1      | Gained mutation: You are immune to rotting. [demonic ancestry]
   371 | D:1      | Reached XP level 2. HP: 24/24 MP: 3/3
   477 | D:1      | Reached * piety under Lugonu
   501 | D:1      | Reached skill level 1 in Dodging
   807 | D:2      | Found a bloodstained altar of Trog.
   839 | D:2      | Gained mutation: You regenerate a little health from kills. [demonic ancestry]
   839 | D:2      | Reached XP level 3. HP: 29/29 MP: 4/4
  1314 | D:2      | Found a shimmering altar of Xom.
  1511 | D:2      | Found an oddly glowing altar of Pakellas.
  1512 | D:2      | Noticed a cyclops
  1833 | D:3      | Reached ** piety under Lugonu
  1887 | D:3      | Gained mutation: You regenerate health from kills. [demonic ancestry]
  1887 | D:3      | Reached XP level 4. HP: 33/36 MP: 6/6
  1900 | D:3      | Reached skill level 3 in Armour
  2091 | D:3      | Found a blossoming altar of Fedhas.
  2094 | D:3      | Found a radiant altar of Vehumet.
  2097 | D:3      | Found a sparkling altar of Nemelex Xobeh.
  2395 | D:4      | Found a staircase to the Ecumenical Temple.
  2768 | D:4      | Found a basalt altar of Yredelemnul.
  2819 | D:4      | Reached XP level 5. HP: 37/41 MP: 7/7
  2907 | D:5      | Entered Level 5 of the Dungeon
  2923 | D:5      | Reached skill level 4 in Armour
  3035 | D:5      | Noticed a centaur
  3046 | D:5      | Killed a centaur
  3046 | D:5      | Gained mutation: You are partially covered in rough black scales (AC +4, Dex -1). [demonic ancestry]
  3046 | D:5      | Reached XP level 6. HP: 36/48 MP: 8/8
  3130 | D:5      | Found a sparkling altar of Nemelex Xobeh.
  3395 | D:5      | Found a burning altar of Makhleb.
  3492 | D:5      | Reached skill level 5 in Armour
  3534 | D:5      | Reached XP level 7. HP: 43/54 MP: 9/9
  3778 | D:6      | Reached *** piety under Lugonu
  3937 | D:6      | Reached skill level 6 in Armour
  3957 | D:6      | Reached skill level 5 in Fighting
  3957 | D:6      | Reached XP level 8. HP: 48/62 MP: 10/10
  4031 | D:6      | Found a deep blue altar of Sif Muna.
  4085 | D:6      | Reached skill level 7 in Armour
  4109 | D:6      | Reached skill level 5 in Axes
  4194 | D:6      | Reached **** piety under Lugonu
  4228 | D:6      | Noticed Sigmund
  4234 | D:6      | Killed Sigmund
  4276 | D:6      | Found a bloodstained altar of Trog.
  4471 | D:6      | Reached skill level 8 in Armour
  4471 | D:6      | Gained mutation: You are mostly covered in rough black scales (AC +7, Dex -2). [demonic ancestry]
  4471 | D:6      | Reached XP level 9. HP: 41/69 MP: 11/11
  5003 | D:7      | Reached ***** piety under Lugonu
  5327 | D:7      | Found a glowing golden altar of the Shining One.
  5787 | D:8      | Found an opulent altar of Gozag.
  5927 | D:8      | Reached skill level 9 in Armour
  6052 | D:8      | Found Bevakum's Jewellery Boutique.
  6604 | D:9      | Gained mutation: You have large cloven feet. [demonic ancestry]
  6604 | D:9      | Reached XP level 10. HP: 33/79 MP: 12/12
  6743 | D:9      | Found a shattered altar of Ashenzari.
  6843 | D:9      | Found a staircase to the Orcish Mines.
  6866 | D:9      | Reached skill level 10 in Armour
  7319 | Orc:1    | Entered Level 1 of the Orcish Mines
  7391 | Orc:1    | Noticed an orc knight
  7399 | Orc:1    | HP: 2/81 [orc knight/war axe of electrocution (20)]
  7400 | Orc:1    | Demolished by an orc knight

Skill      XL: |  1  2  3  4  5  6  7  8  9 10 |
---------------+-------------------------------+-----
Armour         | 2 3 4 5 6 8 9 10 | 10.2
Dodging        | 1 2 |  2.5
Axes           | 2 3 4 5 6 8 |  8.2
Fighting       | 4 5 7 8 |  8.3
Invocations    | 3 |  3.5

Action                   |  1- 3 |  4- 6 |  7- 9 | 10-12 || total
-------------------------+-------+-------+-------+-------++-------
Melee: Hand axe          |   186 |    43 |       |       ||   229
       Battleaxe         |       |   103 |   639 |   107 ||   849
Throw: Tomahawk          |       |     1 |       |       ||     1
Invok: Depart the Abyss  |     1 |       |       |       ||     1
       Banish            |       |       |     3 |       ||     3
  Use: Scroll            |       |     5 |    15 |       ||    20
       Potion            |       |       |       |     4 ||     4
  Eat: Chunk             |     3 |     6 |    11 |       ||    20
       Fruit             |       |       |     3 |       ||     3
       Meat ration       |       |       |     2 |       ||     2
       Bread ration      |       |       |     1 |       ||     1
Armor: Plate armour      |   184 |   162 |  1009 |   175 ||  1530
Dodge: Dodged            |    41 |    48 |   346 |    78 ||   513
